 Dungeon Crawl Stone Soup version 0.30.1-4-g462c640d31 (webtiles) character file.

Game seed: 16860466880930428942

261 Destapler the Ducker (level 6, -4/51 HPs)
             Began as a Gnoll Gladiator on Aug 16, 2023.
             Killed by nerve-wracking pain
             ... invoked by an orc priest
              (11 damage)
             ... on level 4 of the Dungeon.
             The game lasted 00:06:52 (3069 turns).

Destapler the Ducker (Gnoll Gladiator)              Turns: 3069, Time: 00:06:53

Health: -4/51      AC: 14    Str: 16    XL:     6   Next: 18%
Magic:  8/8        EV: 14    Int:  7    God:
Gold:   173        SH:  0    Dex: 13    Spells: 8/8 levels left

rFire   . . .        a - +0 flail (protect)
rCold   . . .        (no shield)
rNeg    . . .        b - +0 leather armour
rPois   .            c - +0 helmet
rElec   .            (no cloak)
rCorr   .            g - +1 pair of gloves
SInv    .            k - +0 pair of boots
Will    .....        f - amulet of regeneration
Stlth   ++           (no ring)
HPRegen 1.08/turn    (no ring)
MPRegen 0.11/turn

%: no passive effects
@: under a protective aura, hasted, very quick
A: fangs 1, strong nose, distributed training, claws 1
a: no special abilities


You were on level 4 of the Dungeon.
You visited 1 branch of the dungeon, and saw 4 of its levels.

You collected 173 gold pieces.

Inventory:

Hand Weapons
 a - a +0 flail of protection (weapon)
 s - a +0 long sword
Missiles
 d - 3 throwing nets (quivered)
 r - 5 poisoned darts
Armour
 b - a +0 leather armour (worn)
 c - a +0 helmet (worn)
 g - a +1 pair of gloves (worn)
 k - a +0 pair of boots (worn)
 m - a +0 chain mail
Jewellery
 f - an amulet of regeneration (around neck)
 t - a +6 ring of strength
Wands
 q - a wand of roots (13)
Scrolls
 i - 2 scrolls of blinking {unknown}
 v - a scroll of magic mapping {unknown}
Potions
 h - a potion of mutation
 n - a potion of degeneration {unknown}
 o - a potion of ambrosia {unknown}
 p - a potion of might {unknown}
 u - 2 potions of magic {unknown}


   Skills:
 + Level 5.0 Fighting
 + Level 1.9 Short Blades
 + Level 6.8 Long Blades
 + Level 1.9 Axes
 + Level 1.9 Maces & Flails
 + Level 1.9 Polearms
 + Level 1.9 Staves
 + Level 1.9 Ranged Weapons
 + Level 5.0 Throwing
 + Level 1.9 Armour
 + Level 6.8 Dodging
 + Level 1.9 Stealth
 + Level 1.9 Shields
 + Level 1.9 Unarmed Combat
 + Level 1.9 Spellcasting
 + Level 1.5 Conjurations
 + Level 1.5 Hexes
 + Level 1.5 Summonings
 + Level 1.5 Necromancy
 + Level 1.5 Translocations
 + Level 1.5 Transmutations
 + Level 1.5 Fire Magic
 + Level 1.5 Ice Magic
 + Level 1.5 Air Magic
 + Level 1.5 Earth Magic
 + Level 1.5 Poison Magic
 + Level 2.1 Invocations
 + Level 1.9 Evocations


You had 8 spell levels left.
You didn't know any spells.
Your spell library contained the following spells:

 Spells                   Type           Power      Damage    Failure   Level
 Apportation              Tloc           4%         N/A       26%         1
 Necrotise                Necr           8%         1d4       26%         1
 Summon Small Mammal      Summ           8%         N/A       26%         1
 Sublimation of Blood     Necr           2%         N/A       36%         2
 Wereblood                Tmut           2%         N/A       36%         2
 Summon Hydra             Summ           1%         N/A       100%        7


Dungeon Overview and Level Annotations

Branches:
Dungeon (4/15)
 Temple: D:4-7

Altars:
Ashenzari

Annotations:
D:4 1 runed translucent door, LavenderCorpse's ghost, amateur TrCA


Innate Abilities, Weirdness & Mutations

You have very sharp teeth.
Your uncanny sense of smell can sniff out nearby items.
Your experience applies equally to all skills.
You have sharp fingernails.


Message History

You hear some strange, mumbled words.
A magic dart appears from out of thin air!
The magic dart hits you!
* * * LOW HITPOINT WARNING * * *
Something hits you.
* * * LOW HITPOINT WARNING * * *
You miss something. Something hits you but does no damage.
You miss something.
You hear some strange, mumbled words.
You are confused.
It was a potion of haste.
You feel yourself speed up. Something hits you but does no damage.
You bump into the rock wall.
The orc priest invokes the aid of Beogh against you.
Something writhes in agony.
Something hits you but does no damage.
You barely miss something. Something hits you but does no damage.
You barely miss something.
An orc wizard appears from thin air!
Reactivating autopickup.
The orc wizard hits you but does no damage.
You bump into the rock wall.
You closely miss the orc wizard.
The orc wizard is moderately wounded.
You feel less confused.
The orc wizard hits you but does no damage.
You closely miss the orc wizard.
The orc wizard is moderately wounded.
You hit the orc wizard.
Your weapon exudes an aura of protection.
The orc wizard is heavily wounded.
The orc wizard casts a spell at you. The magic dart hits you.
* * * LOW HITPOINT WARNING * * *
The orc priest mumbles some strange prayers to Beogh against you.
Beogh smites you!
* * * LOW HITPOINT WARNING * * *
You sock the orc wizard!
You kill the orc wizard!
The orc priest mumbles some strange prayers to Beogh against you.
Pain shoots through your body!
You die...

#######
#.....#######
####.#.......@)#
####.##.#.#.#####.#
..........#.# #o#
##......###.# #o#
##...#.....# #.#
##.######## #.# #.#
(.. #.# #.# #+# ...


You could see an orc priest and an orc.

Vanquished Creatures
  A bullfrog (D:4)
  A jelly (D:4)
  An orc priest (D:4)
  2 orc wizards (D:4)
  4 adders
  2 worms (D:2)
  4 orcs (D:3)
  A ball python (D:2)
  3 endoplasms (D:1)
  6 giant cockroaches
  7 goblins
  4 hobgoblins
  6 jackals (D:1)
  11 kobolds
  6 quokkas
  A bat (D:3)
  3 frilled lizards
  3 rats
66 creatures vanquished.

Notes
Turn   | Place    | Note
-------+----------+-------------------------------------------
     0 | D:1      | Destapler the Gnoll Gladiator began the quest for the Orb.
     0 | D:1      | Reached XP level 1. HP: 20/20 MP: 1/1
    99 | D:1      | Reached XP level 2. HP: 24/26 MP: 2/2
   321 | D:1      | Reached XP level 3. HP: 31/31 MP: 3/3
  1068 | D:2      | Reached skill level 1 in Invocations
  1095 | D:2      | Reached skill level 1 in Short Blades
  1095 | D:2      | Reached skill level 1 in Axes
  1095 | D:2      | Reached skill level 1 in Maces & Flails
  1095 | D:2      | Reached skill level 1 in Polearms
  1095 | D:2      | Reached skill level 1 in Staves
  1095 | D:2      | Reached skill level 1 in Ranged Weapons
  1095 | D:2      | Reached skill level 1 in Armour
  1095 | D:2      | Reached skill level 1 in Stealth
  1095 | D:2      | Reached skill level 1 in Shields
  1095 | D:2      | Reached skill level 1 in Unarmed Combat
  1095 | D:2      | Reached skill level 1 in Spellcasting
  1095 | D:2      | Reached skill level 1 in Evocations
  1196 | D:2      | Reached XP level 4. HP: 35/38 MP: 5/5
  1513 | D:2      | Reached skill level 1 in Conjurations
  1513 | D:2      | Reached skill level 1 in Hexes
  1513 | D:2      | Reached skill level 1 in Summonings
  1513 | D:2      | Reached skill level 1 in Necromancy
  1513 | D:2      | Reached skill level 1 in Translocations
  1513 | D:2      | Reached skill level 1 in Transmutations
  1513 | D:2      | Reached skill level 1 in Fire Magic
  1513 | D:2      | Reached skill level 1 in Ice Magic
  1513 | D:2      | Reached skill level 1 in Air Magic
  1513 | D:2      | Reached skill level 1 in Earth Magic
  1513 | D:2      | Reached skill level 1 in Poison Magic
  1788 | D:3      | Found a broken altar of Ashenzari.
  2702 | D:4      | Noticed a bullfrog
  2709 | D:4      | Killed a bullfrog
  2710 | D:4      | Reached XP level 5. HP: 43/43 MP: 7/7
  2937 | D:4      | Found a runed translucent door.
  2940 | D:4      | Noticed LavenderCorpse's ghost (amateur TrCA)
  3036 | D:4      | Reached XP level 6. HP: 32/50 MP: 8/8
  3043 | D:4      | HP: 1/50 [orc priest/divine providence (12)]
  3044 | D:4      | Gained mutation: You have sharp fingernails. [potion of
                  | mutation]
  3047 | D:4      | Reached skill level 5 in Fighting
  3047 | D:4      | Reached skill level 5 in Throwing
  3069 | D:4      | Killed from afar by an orc priest

Illustrated notes

Levels and vault maps discovered:
D:1:      elethiomel_arrival_infinity_welcomes_careful_drivers, layout_basic
D:2:      layout_loops_cross
D:3:      layout_loops_ring, nicolae_ashenzari_panopticon,
          roderic_st_hans_cross, amcnicky_mini_corridor_feature,
          minmay_door_square
D:4:      layout_loops_corners, ebering_ghost_sewer_f, nrook_campfire,
          uniq_crazy_yiuf_cottage

Skill      XL: |  1  2  3  4  5  6 |
---------------+-------------------+-----
Invocations    | 1 2 |  2.1
Short Blades   | 1 |  1.9
Axes           | 1 |  1.9
Maces & Flails | 1 |  1.9
Polearms       | 1 |  1.9
Staves         | 1 |  1.9
Ranged Weapons | 1 |  1.9
Armour         | 1 |  1.9
Stealth        | 1 |  1.9
Shields        | 1 |  1.9
Unarmed Combat | 1 |  1.9
Spellcasting   | 1 |  1.9
Evocations     | 1 |  1.9
Conjurations   | 1 |  1.5
Hexes          | 1 |  1.5
Summonings     | 1 |  1.5
Necromancy     | 1 |  1.5
Translocations | 1 |  1.5
Transmutations | 1 |  1.5
Fire Magic     | 1 |  1.5
Ice Magic      | 1 |  1.5
Air Magic      | 1 |  1.5
Earth Magic    | 1 |  1.5
Poison Magic   | 1 |  1.5
Fighting       | 5 |  5.0
Throwing       | 5 |  5.0
Long Blades    | |  6.8
Dodging        | |  6.8

Action                     |  1- 3 |  4- 6 || total
---------------------------+-------+-------++-------
  Melee: Long sword        |    85 |    77 ||   162
         Bite              |     7 |    12 ||    19
         Punch             |     3 |     2 ||     5
         Flail             |       |    48 ||    48
  Throw: Javelin           |       |     1 ||     1
    Use: Scroll            |       |     1 ||     1
         Potion            |       |     4 ||     4
   Stab: Sleeping          |     1 |     1 ||     2
 Armour: Leather armour    |    32 |    41 ||    73
  Dodge: Dodged            |    58 |    88 ||   146
